 Dungeon Crawl Stone Soup version 0.23-b1-59-g586d0d887c (webtiles) character file.

Game seed: 6028947798635743248

22423 Revguard the Severer (level 12, -6/112 HPs)
             Began as a Minotaur Berserker on Feb 5, 2019.
             Was a High Priest of Trog.
             Splashed by an oklob plant's acid (15 damage)
             ... on level 4 of the Lair of Beasts.
             The game lasted 00:35:38 (9739 turns).

Revguard the Severer (Minotaur Berserker)           Turns: 9739, Time: 00:35:41

Health: -6/112     AC:  9    Str: 23    XL:     12   Next: 62%
Magic:  3/3        EV: 10    Int:  4    God:    Trog [*****.]
Gold:   864        SH:  0    Dex: 16    Spells: 11/11 levels left

rFire    . . .     SeeInvis .   H - +3 battleaxe (antimagic)
rCold    + . .     Gourm    .   (shield currently unavailable)
rNeg     . . .     Faith    .   C - +0 plate armour
rPois    .         Spirit   .   (helmet unavailable)
rElec    .         Reflect  .   k - +2 cloak
rCorr    .         Harm     .   o - +0 pair of gloves
MR       ++...                  a - +0 pair of boots
Stlth    ..........             (no amulet)
HPRegen  1.28/turn              b - ring of protection from cold
MPRegen  0.08/turn              I - +3 ring of protection

@: confused, corroded, regenerating
A: retaliatory headbutt, hooves 1, horns 3, sense surroundings 1, strong 1,
evolution 1
a: Berserk, Trog's Hand, Brothers in Arms, Renounce Religion


You were on level 4 of the Lair of Beasts.
You worshipped Trog.
Trog was extremely pleased with you.
You were near starving.

You visited 3 branches of the dungeon, and saw 13 of its levels.

You collected 864 gold pieces.

Inventory:

Hand Weapons
 p - a +2 battleaxe of chopping
 u - a +4 hand axe of freezing
 H - a +3 antimagic battleaxe (weapon)
Armour
 a - a +0 pair of boots (worn)
 k - a +2 cloak (worn)
 o - a +0 pair of gloves (worn)
 C - a +0 plate armour (worn)
Jewellery
 b - a ring of protection from cold (left hand)
 v - the ring of Royalty {*Tele rF- MR+++ Str-2 Slay+4}
   (You found it on level 6 of the Dungeon)

   [ring of teleportation]

   It may teleport you next to monsters.
   It affects your strength (-2).
   It affects your accuracy and damage with ranged weapons and melee attacks
   (+4).
   It makes you vulnerable to fire.
   It affects your resistance to hostile enchantments.
 I - a +3 ring of protection (right hand)
Wands
 r - a wand of random effects (10)
 A - a wand of disintegration (9)
 D - a wand of iceblast (7)
 E - a wand of flame (20)
Scrolls
 d - 2 scrolls of noise
 f - 2 scrolls of identify
 g - 3 scrolls of magic mapping
 h - 7 scrolls of teleportation
 i - 2 scrolls of fear
 s - a scroll of fog
 t - 2 scrolls of enchant armour
 w - 5 scrolls of remove curse
 y - 2 scrolls of vulnerability
 G - a scroll of blinking
Potions
 e - 4 potions of heal wounds
 j - 3 potions of might
 l - 3 potions of curing
 m - 2 potions of lignification
 q - 2 potions of brilliance
 x - a potion of degeneration
 z - a potion of invisibility
 B - a potion of haste
 F - a potion of agility
Comestibles
 c - 19 rations


   Skills:
 + Level 11.8 Fighting
 + Level 17.4 Axes
 + Level 12.6 Armour
 + Level 4.7 Dodging


You had 11 spell levels left.
You didn't know any spells.
Your spell library contained the following spells:

 Spells                   Type           Power        Failure   Level  Hunger
 Infusion                 Chrm           #...         99%         1    ##.....
 Shroud of Golubria       Chrm/Tloc      #.........   100%        2    ###....
 Song of Slaying          Chrm           #.......     100%        2    ###....
 Regeneration             Chrm/Necr      #.........   100%        3    ####...
 Spectral Weapon          Hex/Chrm       #.......     100%        3    ####...


Dungeon Overview and Level Annotations

Branches:
Dungeon (8/15)             Temple (1/1) D:6            Lair (4/6) D:8
  Swamp (0/4) Lair:2       Spider (0/4) Lair:4

Altars:
Ashenzari
Cheibriados
Dithmenos
Elyvilon
Fedhas
Gozag
Hepliaklqana
Kikubaaqudgha
Makhleb
Nemelex Xobeh
Okawaru
Qazlal
Ru
Sif Muna
Trog
Uskayaw
Vehumet
Wu Jian
Xom
Yredelemnul
Zin
The Shining One

Shops:
D:4 :   D:7 :

Annotations:
Lair:4 exclusion: 2 oklob plants


Innate Abilities, Weirdness & Mutations

You reflexively headbutt those who attack you in melee.
You have a pair of large horns on your head.
You have large cloven feet.
You passively map a small area around you.
Your muscles are strong. (Str +2)
You evolve.


Message History

You hit the oklob plant but do no damage.
You slice the oklob plant!!
You headbutt the oklob plant, but do no damage.
The oklob plant is moderately damaged.
You hit the oklob plant.
You hit the oklob plant but do no damage.
The oklob plant is moderately damaged.
You hit the oklob plant but do no damage.
The oklob plant spits acid at you. The splash of acid hits you!
* * * LOW HITPOINT WARNING * * *
The acid corrodes you!
You are splashed with acid!
* * * LOW HITPOINT WARNING * * *
You are confused.
You feel invigorated. The oklob plant spits acid at you.
The splash of acid hits you!
* * * LOW HITPOINT WARNING * * *
The acid corrodes you!
You are splashed with acid!
You die...

####....##....?...# *
##PPPPPP.#........#* ,,
#.................## ,
##.PPPPPP...........#
##.......P...##P..PP##
##.#...###PP...#.$..!#
#..#....##.....#..$$.#
#.......##.....#(.$.$#
,
...............#@P.$:#,
.##.#.#.#.##..##%P..$#
######################


You could see 2 oklob plants.

Vanquished Creatures
  Gastronok (Lair:2)
  A hydra (D:8)
  Erica (Lair:2)
  Urug (Lair:2)
  Nergalle (Lair:3)
  2 oklob plants (Lair:4)
  4 elephants (Lair:2)
  7 spiny frogs
  A rime drake (Lair:1)
  A komodo dragon (Lair:3)
  A troll (D:8)
  9 polar bears
  Grinder (D:4)
  A hornet (D:8)
  Prince Ribbit (Lair:2)
  5 blink frogs
  2 hippogriffs (Lair:2)
  3 redbacks (Lair:4)
  16 yaks
  A hungry ghost (D:7)
  A soldier ant (D:8)
  Edmund (D:6)
  The ghost of Masa the Ruffian, an amateur VSTm (D:3)
  10 water moccasins
  2 sky beasts
  An orc warrior (D:8)
  7 porcupines
  A phantom (D:4)
  An ice beast (D:6)
  7 black bears
  5 wolves (Lair:2)
  3 ogres
  2 centaurs
  5 crocodiles
  2 big kobolds
  13 bullfrogs
  2 scorpions
  2 electric eels (Lair:2)
  A howler monkey (D:4)
  A bullfrog zombie (D:8)
  5 crimson imps
  A centaur zombie (D:7)
  2 jellies (D:7)
  A hound (D:3)
  Crazy Yiuf (D:2)
  10 orc wizards
  2 bullfrog skeletons (D:4)
  A centaur skeleton (D:8)
  Jessica (D:3)
  Natasha (thrice) (D:4)
  5 worker ants
  A hound skeleton (D:6)
  A howler monkey zombie (D:8)
  4 gnolls (D:4)
  A howler monkey skeleton (D:4)
  10 adders
  2 shadow imps
  2 adder skeletons (D:4)
  3 worms
  3 dart slugs
  5 leopard geckos
  33 orcs
  A ball python (D:2)
  4 giant cockroaches
  3 goblins
  7 hobgoblins
  9 jackals
  11 kobolds
  5 quokkas
  5 bats
  2 frilled lizards (D:2)
  A jackal zombie (D:5)
  2 leopard gecko skeletons
  A leopard gecko zombie (D:6)
  4 rats (D:2)
  3 fungi (Lair:2)
  3 plants
286 creatures vanquished.

Vanquished Creatures (others)
  A fungus (Lair:2)
  6 plants
7 creatures vanquished.

Grand Total: 293 creatures vanquished

Notes
Turn   | Place    | Note
-------+----------+-------------------------------------------
     0 | D:1      | Revguard the Minotaur Berserker began the quest for the
                  | Orb.
     0 | D:1      | Reached XP level 1. HP: 19/19 MP: 0/0
   493 | D:2      | Reached XP level 2. HP: 25/27 MP: 1/1
   498 | D:2      | Reached skill level 4 in Axes
   569 | D:2      | Reached XP level 3. HP: 31/33 MP: 2/2
  1019 | D:2      | Found a runed translucent door.
  1020 | D:2      | Noticed Crazy Yiuf
  1099 | D:2      | Killed Crazy Yiuf
  1099 | D:2      | Reached XP level 4. HP: 34/41 MP: 3/3
  1189 | D:2      | Found a faded altar of an unknown god.
  1240 | D:3      | Reached skill level 5 in Axes
  1282 | D:3      | Reached ** piety under Trog
  1372 | D:3      | Noticed Jessica
  1375 | D:3      | Reached XP level 5. HP: 47/47 MP: 4/4
  1380 | D:3      | Killed Jessica
  1752 | D:3      | Found a runed translucent door.
  1752 | D:3      | Noticed Masa's ghost (amateur VSTm)
  1770 | D:3      | Killed Masa's ghost
  1770 | D:3      | Reached skill level 6 in Axes
  1770 | D:3      | Reached XP level 6. HP: 55/55 MP: 5/5
  1936 | D:4      | Found Uthykegh's Book Shoppe.
  1995 | D:4      | Reached skill level 5 in Fighting
  2123 | D:4      | Noticed Natasha
  2137 | D:4      | Killed Natasha
  2137 | D:4      | Reached skill level 5 in Armour
  2222 | D:4      | Noticed Grinder
  2222 | D:4      | Noticed Natasha
  2227 | D:4      | Reached XP level 7. HP: 55/61 MP: 6/6
  2231 | D:4      | Killed Natasha
  2231 | D:4      | Reached skill level 7 in Axes
  2240 | D:4      | Killed Grinder
  2269 | D:4      | Reached skill level 8 in Axes
  2305 | D:4      | Noticed Natasha
  2313 | D:4      | Killed Natasha
  2354 | D:4      | Reached XP level 8. HP: 45/69 MP: 7/7
  2498 | D:4      | Gained mutation: Armour fits poorly on your strangely
                  | shaped body. [potion of mutation]
  2498 | D:4      | Gained mutation: You are somewhat resistant to further
                  | mutation. [potion of mutation]
  2519 | D:5      | Entered Level 5 of the Dungeon
  2597 | D:5      | Reached *** piety under Trog
  2641 | D:5      | Lost mutation: Armour fits poorly on your strangely shaped
                  | body. [potion of mutation]
  2641 | D:5      | Lost mutation: You are somewhat resistant to further
                  | mutation. [potion of mutation]
  2641 | D:5      | Gained mutation: You have a pair of large horns on your
                  | head. [potion of mutation]
  2641 | D:5      | Gained mutation: You are weak. (Str -2) [potion of
                  | mutation]
  2641 | D:5      | Gained mutation: You have an increased reservoir of magic.
                  | (+10% MP) [potion of mutation]
  2641 | D:5      | Gained mutation: You are somewhat resistant to further
                  | mutation. [potion of mutation]
  2642 | D:5      | Lost mutation: You are somewhat resistant to further
                  | mutation. [potion of mutation]
  2642 | D:5      | Lost mutation: You have an increased reservoir of magic.
                  | (+10% MP) [potion of mutation]
  2642 | D:5      | Gained mutation: You evolve. [potion of mutation]
  2642 | D:5      | Gained mutation: You passively map a small area around you.
                  | [potion of mutation]
  2642 | D:5      | Lost mutation: You are weak. (Str -2) [potion of mutation]
  3062 | D:6      | Found a snail-covered altar of Cheibriados.
  3113 | D:6      | Reached skill level 9 in Axes
  3117 | D:6      | Found a bloodstained altar of Trog.
  3117 | D:6      | Noticed Edmund
  3131 | D:6      | Killed Edmund
  3159 | D:6      | Gained mutation: Your muscles are strong. (Str +2)
                  | [evolution]
  3411 | D:6      | Found a sparkling altar of Nemelex Xobeh.
  3460 | D:6      | Got a slimy pewter ring
  3508 | D:6      | Found a staircase to the Ecumenical Temple.
  3604 | Temple   | Entered the Ecumenical Temple
  3746 | D:7      | Reached skill level 10 in Axes
  3832 | D:7      | Reached XP level 9. HP: 74/78 MP: 8/8
  3931 | D:7      | Reached **** piety under Trog
  4234 | D:7      | Reached skill level 11 in Axes
  4240 | D:7      | Found Jiklemig's Book Shoppe.
  4542 | D:7      | Identified the ring of Royalty {*Tele rF- MR+++ Str-2
                  | Slay+4} (You found it on level 6 of the Dungeon)
  4629 | D:8      | Noticed a five-headed hydra
  4631 | D:8      | Noticed a troll
  4645 | D:8      | Killed a 12-headed hydra
  4645 | D:8      | Reached skill level 12 in Axes
  4659 | D:8      | Killed a troll
  4752 | D:8      | Reached XP level 10. HP: 83/88 MP: 9/9
  4820 | D:8      | Reached ***** piety under Trog
  4949 | D:8      | Found a staircase to the Lair.
  5054 | D:8      | Found a shadowy altar of Dithmenos.
  5224 | Lair:1   | Entered Level 1 of the Lair of Beasts
  5254 | Lair:1   | Reached skill level 13 in Axes
  5262 | Lair:1   | Received a gift from Trog
  5324 | Lair:1   | Noticed a spiny frog
  5325 | Lair:1   | Noticed a spiny frog
  5330 | Lair:1   | Killed a spiny frog
  5335 | Lair:1   | Killed a spiny frog
  5632 | Lair:1   | Reached skill level 10 in Armour
  5644 | Lair:1   | Noticed a spiny frog
  5650 | Lair:1   | Killed a spiny frog
  5659 | Lair:1   | Reached skill level 14 in Axes
  5677 | Lair:1   | Reached XP level 11. HP: 24/99 MP: 10/10
  6629 | Lair:2   | Gained mutation: You have large cloven feet. [evolution]
  6753 | Lair:2   | Reached skill level 10 in Fighting
  7083 | Lair:2   | Noticed Gastronok
  7093 | Lair:2   | Reached skill level 15 in Axes
  7097 | Lair:2   | Killed Gastronok
  7142 | Lair:2   | Noticed Urug
  7157 | Lair:2   | Killed Urug
  7465 | Lair:2   | Noticed Erica
  7471 | Lair:2   | Killed Erica
  7471 | Lair:2   | Reached skill level 16 in Axes
  7491 | Lair:2   | Found a staircase to the Swamp.
  7619 | Lair:2   | Reached XP level 12. HP: 78/108 MP: 11/11
  7685 | Lair:2   | Noticed Prince Ribbit
  7823 | Lair:2   | Killed Prince Ribbit
  8049 | Lair:3   | Got a heavily runed chain mail
  8077 | Lair:3   | Identified the cursed +0 chain mail "Detan" {MR+} (You
                  | found it on level 3 of the Lair of Beasts)
  8312 | Lair:3   | Noticed Nergalle
  8328 | Lair:3   | Killed Nergalle
  8897 | Lair:4   | Received a gift from Trog
  8897 | Lair:4   | Reached skill level 17 in Axes
  9064 | Lair:4   | Found a hole to the Spider Nest.
  9739 | Lair:4   | Splashed by an oklob plant's acid

Skill      XL: |  1  2  3  4  5  6  7  8  9 10 11 12 |
---------------+-------------------------------------+-----
Fighting       | 4 5 6 8 9 10 11 | 11.8
Axes           | 4 5 6 8 10 12 14 16 17 | 17.4
Armour         | 3 4 5 6 8 9 10 11 12 | 12.6
Dodging        | 3 4 |  4.7

Action                   |  1- 3 |  4- 6 |  7- 9 | 10-12 || total
-------------------------+-------+-------+-------+-------++-------
Melee: Hand axe          |    64 |   120 |   216 |    74 ||   474
       Headbutt          |     8 |    23 |    54 |    85 ||   170
       Battleaxe         |       |       |       |   282 ||   282
Invok: Trog's Hand       |       |     3 |     3 |     3 ||     9
       Berserk           |       |     3 |     2 |     1 ||     6
  Use: Scroll            |       |       |    20 |     3 ||    23
       Potion            |       |       |     3 |     1 ||     4
  Eat: Chunk             |       |     5 |     7 |    18 ||    30
       Ration            |       |     1 |     1 |       ||     2
Armor: Scale mail        |    33 |    25 |       |       ||    58
       Chain mail        |       |    41 |   125 |       ||   166
       Plate armour      |       |       |     7 |   290 ||   297
Dodge: Dodged            |    39 |    65 |    90 |   219 ||   413
